 Dungeon Crawl Stone Soup version 0.19-a0-32-gbfd796a (webtiles) character file.

9 M4edhros the Grave Robber (level 2, -1/17 HPs)
             Began as an Octopode Necromancer on May 2, 2016.
             Slain by a jackal (3 damage)
             ... on level 2 of the Dungeon.
             The game lasted 00:01:12 (151 turns).

M4edhros the Grave Robber (Octopode Necromancer)     Turns: 151, Time: 00:01:12

Health: -1/17      AC:  1    Str:  7    XL:     2   Next: 16%
Magic:  0/5        EV: 12    Int: 17    God:
Gold:   0          SH:  0    Dex: 12    Spells: 1 memorised, 4 levels left

rFire  . . .     SeeInvis .     (no weapon)
rCold  . . .     Gourm    .     (no shield)
rNeg   . . .     Faith    .     (helmet restricted)
rPois  .         Spirit   .     (no amulet)
rElec  .         Dismiss  .     (no ring)
rCorr  .         Reflect  .     (no ring)
SustAt .         Harm     .     (no ring)
MR     .....                    (no ring)
Stlth  +++.......               (no ring)
                                (no ring)
                                (no ring)
                                (no ring)

@: not resistant to hostile enchantments, fairly stealthy
A: almost no armour, amphibious, 8 rings, constrict 8, camouflage 1, gelatinous
body 1
a: no special abilities


You were on level 2 of the Dungeon.
You were not hungry.

You visited 1 branch of the dungeon, and saw 2 of its levels.

Inventory:

Scrolls
 d - a scroll of identify {unknown}
Potions
 e - a potion of heal wounds {unknown}
Books
 a - a book of Necromancy

   Spells                             Type                      Level
   a - Pain                           Necromancy                   1
   b - Animate Skeleton               Necromancy                   1
   c - Vampiric Draining              Necromancy                   3
   d - Regeneration                   Charms/Necromancy            3
   e - Animate Dead                   Necromancy                   4
   f - Control Undead                 Necromancy                   4
Comestibles
 b - a bread ration
 f - 2 fruits


   Skills:
 + Level 2.0 Dodging
 + Level 2.6 Stealth
 + Level 2.1 Spellcasting
 + Level 4.4 Necromancy


You had 4 spell levels left.
You knew the following spells:

 Your Spells              Type           Power        Failure   Level  Hunger
a - Pain                  Necr           ###.         3%          1    #......


Dungeon Overview and Level Annotations

Branches:
Dungeon (2/15)

Altars:


Innate Abilities, Weirdness & Mutations

You cannot wear most types of armour.
You are amphibious.
You can wear up to eight rings at the same time.
You can use your tentacles to constrict eight enemies at once.
Your skin changes colour to match your surroundings (Stealth).
Your rubbery body absorbs attacks (AC +1).


Message History

Your grab misses the jackal. You squeeze the jackal.
The jackal is moderately wounded.
You constrict the jackal. The jackal bites you. The jackal closely misses you.
The jackal misses you. The jackal bites you.
* * * LOW HITPOINT WARNING * * *
The jackal bites you.
* * * LOW HITPOINT WARNING * * *
You tentacle-slap the jackal but do no damage.
Your grab misses the jackal.
The jackal is almost dead.
You constrict the jackal. The jackal closely misses you. The jackal bites you.
* * * LOW HITPOINT WARNING * * *
The jackal bites you but does no damage.
Unknown command.
You closely miss the jackal. You grab the jackal.
The jackal is almost dead.
You constrict the jackal, but do no damage.
You constrict the jackal. The jackal barely misses you.
The jackal misses you. x2
The jackal completely misses you. The jackal bites you.
You die...

######### #####
........# ....#
........##....#
..............##
#...............
#.......<.......
................
.#####@h.......
#hh....(..
#....##.#.
#....# # #....#
#.†).# #....#
.....# ......


You could see 3 jackals.

Vanquished Creatures
  A dart slug (D:1)
  A goblin (D:1)
  A jackal (D:2)
  4 kobolds
7 creatures vanquished.

Vanquished Creatures (others)
  A ghoul (D:1)
  An octopode (D:1)
  2 gargoyles (D:1)
  2 vine stalkers (D:1)
  A troll (D:1)
  A vampire (D:1)
  A human (D:1)
  A naga (D:1)
  A centaur (D:1)
  An orc (D:1)
  5 tentacles (D:1)
  7 tentacle segments (D:1)
24 creatures vanquished.

Grand Total: 31 creatures vanquished

Notes
Turn   | Place    | Note
--------------------------------------------------------------
     0 | D:1      | M4edhros the Octopode Necromancer began the quest for the Orb.
     0 | D:1      | Reached XP level 1. HP: 11/11 MP: 3/3
     0 | D:1      | Noticed a troll
     0 | D:1      | Noticed a vine stalker
     0 | D:1      | Noticed a vampire
     0 | D:1      | Noticed a naga
     0 | D:1      | Noticed a centaur
     0 | D:1      | Noticed a gargoyle
     0 | D:1      | Noticed a kraken
     0 | D:1      | Noticed an octopode
     0 | D:1      | Noticed a ghoul
     0 | D:1      | Noticed a gargoyle
     0 | D:1      | Noticed a vine stalker
     0 | D:1      | Noticed a human
     4 | D:1      | Killed a centaur
     6 | D:1      | Killed a vine stalker
     7 | D:1      | Killed a vampire
     8 | D:1      | Killed a gargoyle
     9 | D:1      | Killed an octopode
    10 | D:1      | Killed a naga
    11 | D:1      | Killed a troll
    11 | D:1      | Killed a gargoyle
    12 | D:1      | Killed a vine stalker
    13 | D:1      | Killed a human
    15 | D:1      | Killed a ghoul
   108 | D:1      | Reached XP level 2. HP: 8/17 MP: 1/5
   151 | D:2      | Slain by a jackal

Vault maps used:
D:1:      nicolae_arrival_kraken_aquarium_a, nrook_mini_vaults
D:2:      lemuel_doored_altar, first_bread

Action                   || total
-------------------------++-------
Melee: Unarmed           ||    10
       Constrict         ||     4
       Tentacles         ||     2
 Cast: Pain              ||    10
  Use: Potion            ||     1
 Stab: Sleeping          ||     1
Armor: Skin              ||     1
Dodge: Dodged            ||    11
